 Dungeon Sprint DCSS version 0.30.1-11-g7821555f0a (webtiles) character file.

Game seed: 821013419824590564

5082 Groucho the Thaumaturge (level 10, -10/58 HPs)
             Began as a Deep Elf Earth Elementalist on Jan 7, 2024.
             Was the Champion of Sif Muna.
             Mangled by a cane toad (19 damage)
             ... in the Dungeon (Sprint III: "The Ten Rune Challenge").
             The game lasted 00:14:15 (5310 turns).

Groucho the Thaumaturge (DEEE)                      Turns: 5310, Time: 00:14:15

Health: -10/58     AC:  3    Str:  5    XL:     10   Next: 31%
Magic:  27/30      EV: 12    Int: 23    God:    Sif Muna [******]
Gold:   21         SH:  0    Dex: 13    Spells: 9/37 levels left

rFire   . . .        h - staff of earth
rCold   . . .        (no shield)
rNeg    . . .        a - +0 robe
rPois   .            m - +1 hat
rElec   .            (no cloak)
rCorr   .            (no gloves)
SInv    .            (no boots)
Will    +....        (no amulet)
Stlth   +++          (no ring)
HPRegen 0.29/turn    (no ring)
MPRegen 0.22/turn

%: no teleportation, clarity
@: hasted, very quick
A: hooves 1, clarity, clumsy 1, dopey 1, MP-powered wands
a: Renounce Religion, Channel Magic, Forget Spell, Divine Exegesis


You were in the Dungeon.
You worshipped Sif Muna.
Sif Muna was exalted by your worship.
You visited 1 branch You collected 21 gold pieces.

Inventory:

Hand Weapons
 p - a +0 dagger
Armour
 a - a +0 robe (worn)
 m - a +1 hat (worn)
Magical Staves
 h - a staff of earth (weapon)
Wands
 o - a wand of paralysis (7)
Scrolls
 i - 3 scrolls of poison {unknown}
 j - a scroll of enchant armour {unknown}
Potions
 b - 3 potions of magic
 f - a potion of berserk rage
 k - a potion of brilliance {unknown}
 l - a potion of might


   Skills:
 + Level 4.6 Fighting
 - Level 5.0 Short Blades
 - Level 2.4 Dodging
 - Level 7.0 Stealth
 - Level 3.1 Unarmed Combat
 - Level 14.0 Spellcasting
 + Level 10.9 Conjurations
 + Level 2.6 Necromancy
 + Level 11.1 Transmutations
 + Level 2.4 Fire Magic
 + Level 12.4 Earth Magic
 + Level 9.5 Invocations


You had 9 spell levels left.
You knew the following spells:

 Your Spells              Type           Power      Damage    Failure   Level
a - Sandblast             Erth           100%       2d20      1%          1
b - Stone Arrow           Conj/Erth      100%       3d13      1%          3
c - Petrify               Tmut/Erth      81%        N/A       1%          4
d - Irradiate             Conj/Tmut      30%        3d21      1%          5
e - Lee's Rapid Deconstr  Erth           42%        3d20*     1%          5
f - Fireball              Conj/Fire      23%        3d11      7%          5
g - Agony                 Necr           28%        N/A       34%         5

Your spell library contained the following spells:

 Spells                   Type           Power      Damage    Failure   Level
 Sting                    Tmut/Pois      100%       1d8       1%          1
 Passwall                 Tmut/Erth      67%        N/A       1%          2
 Wereblood                Tmut           61%        N/A       1%          2
 Hailstorm                Conj/Ice       41%        3d10      1%          3
 Blade Hands              Tmut           30%        N/A       1%          5
 Ice Form                 Ice/Tmut       41%        N/A       3%          4
 Leda's Liquefaction      Hex/Erth       30%        N/A       3%          4
 Cigotuvi's Dreadful Rot  Necr/Pois/Air  40%        N/A       4%          2
 Poisonous Vapours        Pois/Air       32%        N/A       5%          2
 Alistair's Intoxication  Tmut/Pois      27%        N/A       11%         5
 Dragon Form              Tmut           30%        N/A       32%         7
 Olgreb's Toxic Radiance  Pois           16%        N/A       36%         4
 Eringya's Noxious Bog    Tmut/Pois      20%        N/A       52%         6
 Metabolic Englaciation   Hex/Ice        8%         N/A       71%         5
 Silence                  Hex/Air        8%         N/A       71%         5
 Death Channel            Necr           14%        N/A       89%         6
 Simulacrum               Ice/Necr       11%        N/A       98%         6


Dungeon Overview and Level Annotations

Branches:
Dungeon (1/1)

Altars:
Cheibriados
Dithmenos
Elyvilon
Fedhas
Gozag
Hepliaklqana
Kikubaaqudgha
Makhleb
Nemelex Xobeh
Okawaru
Qazlal
Ru
Sif Muna
Trog
Uskayaw
Vehumet
Wu Jian
Xom
Yredelemnul
Zin
The Shining One
Jiyva
Lugonu


Innate Abilities, Weirdness & Mutations

You have large cloven feet.
You possess an exceptional clarity of mind.
You are clumsy. (Dex -2)
You are dopey. (Int -2)
You expend magic power (3 MP) to strengthen your wands.


Message History

Your thoughts seem clearer.
Unknown command.
Unknown command.
Really quaff the potion of mutation?
You feel extremely strange.
You feel clumsy.
You feel robust.
You regain control of your magic.
Your feet thicken and deform.
You feel clumsy.
Unknown command.
You start resting.
Magic restored.
You start resting.
HP restored.
You start waiting.
You start waiting.
Done waiting.
You enter the shallow water.
Moving in this stuff is going to be slow.
Okay, then.
You feel yourself speed up.
You enter the shallow water.
Moving in this stuff is going to be slow.
You open the door.
A komodo dragon and 2 cane toads come into view.
The cane toad gives a loud, deep croak!
The komodo dragon hisses angrily.
The cane toad croaks.
The komodo dragon attacks as you move away!
The komodo dragon bites you!!
Ouch! That really hurt!
The komodo dragon bites you!!
* * * LOW HITPOINT WARNING * * *
Unknown command.
Unknown command.
Okay, then.
Aiming: Stone Arrow (safe; 1% risk of failure)
Press: ? - help, Q - select action, (/) - cycle Shift-Dir - straight line, f - komodo dragon
Aim: a komodo dragon (84% to hit)
You feel a surge of power!
The stone arrow hits the komodo dragon!
The komodo dragon is moderately wounded.
The cane toad stings you!!
You die...

##...'.⌠........#
##...#...######'#
#....#.⌠.#__#...#+###############
.....#...#__#...#....#.#.#..)..#^
.....#'###__#...##.#).#.##.###.#.
.....#)).#__#...'##)#.#.##)#..##.
#....#___#__'...#.).#..#..##..'..
▓▓▓▓▓▓▓▓▓▓▓▓▓▓▓▓▓▓▓▓▓▓▓▓▓▓▓▓▓▓#..
♣F~l@.......~~~...#..
♣'♣≈F≈≈≈≈≈≈≈≈≈≈♣♣..'.^
F~♣♣♣♣♣♣♣♣♣♣♣♣♣♣♣♣..#.. #..
♣♣♣##+ ##


You could see a komodo dragon and 2 cane toads.

Vanquished Creatures
  Erolcha (D)
  A deep elf pyromancer (D)
  3 wandering mushrooms (D)
  A queen bee (D)
  A shadow (D)
  2 redbacks (D)
  A spatial vortex (D)
  5 two-headed ogres (D)
  A necrophage (D)
  A water elemental (D)
  32 killer bees (D)
  A jelly (D)
  A wizard (D)
  A necromancer (D)
  3 humans (D)
  A kobold demonologist (D)
  A phantom (D)
  An endoplasm (D)
  3 rats (D)
61 creatures vanquished.

Notes
Turn   | Place    | Note
-------+----------+-------------------------------------------
     0 | D        | Groucho the Deep Elf Earth Elementalist began the quest for
                  | the Orb.
     0 | D        | Reached XP level 1. HP: 10/10 MP: 6/6
   279 | D        | Reached skill level 5 in Spellcasting
   279 | D        | Reached skill level 5 in Earth Magic
   279 | D        | Reached XP level 2. HP: 11/15 MP: 2/10
   512 | D        | Noticed a water elemental
   518 | D        | Killed a water elemental
   519 | D        | Reached skill level 6 in Spellcasting
   519 | D        | Reached XP level 3. HP: 19/19 MP: 8/12
   519 | D        | Reached XP level 4. HP: 24/24 MP: 9/14
   726 | D        | Found a radiant altar of Vehumet.
   729 | D        | Found a shimmering blue altar of Sif Muna.
   729 | D        | Noticed a wizard
   730 | D        | Killed a wizard
   733 | D        | Reached skill level 7 in Spellcasting
   733 | D        | Found an ancient bone altar of Kikubaaqudgha.
   737 | D        | Became a worshipper of Sif Muna the Loreminder
   758 | D        | Learned a level 3 spell: Stone Arrow
   763 | D        | Learned a level 4 spell: Petrify
   863 | D        | Found a shadowy altar of Dithmenos.
   863 | D        | Noticed a necrophage
   865 | D        | Killed a necrophage
   866 | D        | Reached skill level 8 in Spellcasting
   866 | D        | Reached skill level 5 in Conjurations
   866 | D        | Reached skill level 5 in Transmutations
   866 | D        | Reached XP level 5. HP: 27/28 MP: 9/17
   867 | D        | Found a basalt altar of Yredelemnul.
   867 | D        | Found a sacrificial altar of Ru.
  1098 | D        | Found a hide-covered altar of Uskayaw.
  1098 | D        | Found an iron altar of Okawaru.
  1100 | D        | Found a bloodstained altar of Trog.
  1101 | D        | Found an ornate altar of the Wu Jian Council.
  1101 | D        | Noticed a human
  1103 | D        | Killed a human
  1103 | D        | Reached * piety under Sif Muna
  1103 | D        | Noticed a human
  1104 | D        | Reached skill level 9 in Spellcasting
  1104 | D        | Reached XP level 6. HP: 32/32 MP: 12/20
  1105 | D        | Killed a human
  1284 | D        | Found a glowing silver altar of Zin.
  1286 | D        | Found a glowing golden altar of the Shining One.
  1287 | D        | Found a white marble altar of Elyvilon.
  1288 | D        | Noticed a deep elf pyromancer
  1293 | D        | Killed a deep elf pyromancer
  1294 | D        | Reached skill level 5 in Stealth
  1294 | D        | Reached skill level 10 in Spellcasting
  1294 | D        | Reached skill level 10 in Earth Magic
  1294 | D        | Reached skill level 5 in Invocations
  1294 | D        | Reached XP level 7. HP: 25/36 MP: 5/23
  1506 | D        | Noticed a shadow
  1511 | D        | Killed a shadow
  1511 | D        | Reached ** piety under Sif Muna
  1512 | D        | Reached skill level 11 in Spellcasting
  1512 | D        | Reached XP level 8. HP: 15/41 MP: 9/25
  1776 | D        | Found a blossoming altar of Fedhas.
  1776 | D        | Found a stormy altar of Qazlal.
  1776 | D        | Found a snail-covered altar of Cheibriados.
  1776 | D        | Found a burning altar of Makhleb.
  1776 | D        | Found a shimmering altar of Xom.
  1779 | D        | Found a hazy altar of Hepliaklqana.
  1779 | D        | Found an opulent altar of Gozag.
  1779 | D        | Found a sparkling altar of Nemelex Xobeh.
  1779 | D        | Found a corrupted altar of Lugonu.
  1779 | D        | Found a viscous altar of Jiyva.
  1935 | D        | Reached *** piety under Sif Muna
  2224 | D        | Noticed a two-headed ogre
  2229 | D        | Killed a two-headed ogre
  2230 | D        | Reached skill level 12 in Spellcasting
  2514 | D        | Noticed Erolcha
  2567 | D        | Noticed a two-headed ogre
  2573 | D        | Killed Erolcha
  2574 | D        | Reached XP level 9. HP: 39/48 MP: 13/27
  2576 | D        | Killed a two-headed ogre
  2577 | D        | Reached skill level 10 in Transmutations
  2844 | D        | Reached **** piety under Sif Muna
  3093 | D        | Noticed a wandering mushroom
  3099 | D        | Killed a wandering mushroom
  3100 | D        | Reached skill level 13 in Spellcasting
  3100 | D        | Reached skill level 10 in Conjurations
  3357 | D        | Noticed a wandering mushroom
  3362 | D        | Noticed a wandering mushroom
  3370 | D        | Killed a wandering mushroom
  3377 | D        | Killed a wandering mushroom
  3613 | D        | Noticed a queen bee
  3619 | D        | Reached ***** piety under Sif Muna
  3644 | D        | Received a gift from Sif Muna
  3843 | D        | Learned a level 5 spell: Irradiate
  3873 | D        | Reached XP level 10. HP: 45/56 MP: 21/29
  3982 | D        | Received a gift from Sif Muna
  4039 | D        | Got Sif Muna's Sophisticated Willworking {god gift}
  4046 | D        | Learned a level 5 spell: Lee's Rapid Deconstruction
  4052 | D        | Learned a level 5 spell: Fireball
  4058 | D        | Learned a level 5 spell: Agony
  4067 | D        | Reached skill level 5 in Short Blades
  4074 | D        | Reached skill level 1 in Necromancy
  4074 | D        | Reached skill level 1 in Fire Magic
  4562 | D        | Received a gift from Sif Muna
  4563 | D        | Reached ****** piety under Sif Muna
  4568 | D        | Got Sif Muna's Information on the Volcano {god gift}
  4668 | D        | Received a gift from Sif Muna
  4669 | D        | Got Sif Muna's Incunabulum of Doomed Sculpting {god gift}
  4683 | D        | Reached skill level 14 in Spellcasting
  5118 | D        | Gained mutation: You are dopey. (Int -2) [potion of
                  | mutation]
  5120 | D        | Lost mutation: You are dopey. (Int -2) [potion of mutation]
  5120 | D        | Gained mutation: You are partially covered in iridescent
                  | scales. (AC +2) [potion of mutation]
  5120 | D        | Gained mutation: Your magical capacity is low. (-10% MP)
                  | [potion of mutation]
  5120 | D        | Gained mutation: You have supernaturally acute eyesight.
                  | (SInv) [potion of mutation]
  5120 | D        | Gained mutation: You have large cloven feet. [potion of
                  | mutation]
  5121 | D        | Lost mutation: You are partially covered in iridescent
                  | scales. (AC +2) [potion of mutation]
  5121 | D        | Lost mutation: You have large cloven feet. [potion of
                  | mutation]
  5121 | D        | Lost mutation: You have supernaturally acute eyesight.
                  | (SInv) [potion of mutation]
  5121 | D        | Gained mutation: You occasionally lose the ability to read
                  | scrolls when taking damage. [potion of mutation]
  5121 | D        | Gained mutation: You expend magic power (3 MP) to
                  | strengthen your wands. [potion of mutation]
  5121 | D        | Gained mutation: Your spells are a little harder to cast,
                  | but a little more powerful. [potion of mutation]
  5125 | D        | Lost mutation: You occasionally lose the ability to read
                  | scrolls when taking damage. [potion of mutation]
  5125 | D        | Lost mutation: Your magical capacity is low. (-10% MP)
                  | [potion of mutation]
  5125 | D        | Gained mutation: You are dopey. (Int -2) [potion of
                  | mutation]
  5125 | D        | Gained mutation: You are frail. (-10% HP) [potion of
                  | mutation]
  5125 | D        | Gained mutation: You are agile. (Dex +4, Str/Int -1)
                  | [potion of mutation]
  5125 | D        | Gained mutation: You possess an exceptional clarity of
                  | mind. [potion of mutation]
  5126 | D        | Lost mutation: You are agile. (Dex +4, Str/Int -1) [potion
                  | of mutation]
  5126 | D        | Lost mutation: You are frail. (-10% HP) [potion of
                  | mutation]
  5126 | D        | Lost mutation: Your spells are a little harder to cast, but
                  | a little more powerful. [potion of mutation]
  5126 | D        | Gained mutation: You have large cloven feet. [potion of
                  | mutation]
  5126 | D        | Gained mutation: You are clumsy. (Dex -2) [potion of
                  | mutation]
  5306 | D        | Noticed a cane toad
  5306 | D        | Noticed a cane toad
  5310 | D        | Mangled by a cane toad

Illustrated notes

Levels and vault maps discovered:
D:        dungeon_sprint_mu [sprint_mu_entry_cave, sprint_mu_temple_rooms,
          sprint_mu_d1_spiders, sprint_mu_d2_genie, sprint_mu_d3_branching,
          sprint_mu_orc_legion, sprint_mu_elf_gauntlet, sprint_mu_hive_nellie,
          sprint_mu_lair_fedhas, sprint_mu_vaults_butterflies,
          sprint_mu_slime_circle, sprint_mu_shoals_kraken,
          sprint_mu_snake_twists, sprint_mu_blade_basic, sprint_mu_crypt_lich,
          sprint_mu_tomb_spiral, sprint_mu_vestibule_basic,
          sprint_mu_gehenna_hellfire, sprint_mu_dis_giant,
          sprint_mu_tartarus_statrot, sprint_mu_cocytus_islands, sprint_mu_zot1]

Skill      XL: |  1  2  3  4  5  6  7  8  9 10 |
---------------+-------------------------------+-----
Earth Magic    | 5 6 7 8 10 11 12 | 12.4
Spellcasting   | 5 6 8 9 10 11 12 13 14 | 14.0
Conjurations   | 3 5 6 7 8 9 10 | 10.9
Transmutations | 3 5 6 8 9 10 11 | 11.1
Invocations    | 3 5 7 8 9 |  9.5
Stealth        | 5 7 |  7.0
Unarmed Combat | 2 3 |  3.1
Fighting       | 2 3 4 |  4.6
Short Blades   | 2 4 5 |  5.0
Necromancy     | 2 |  2.6
Fire Magic     | 2 |  2.4
Dodging        | |  2.4

Action                     |  1- 3 |  4- 6 |  7- 9 | 10-12 || total
---------------------------+-------+-------+-------+-------++-------
  Melee: Dagger            |       |       |     8 |       ||     8
         Staff             |       |       |       |     1 ||     1
   Cast: Sandblast         |    12 |     2 |       |       ||    14
         Stone Arrow       |       |    12 |    49 |    43 ||   104
         Petrify           |       |       |     7 |       ||     7
    Use: Potion            |     1 |       |     1 |     8 ||    10
         Scroll            |       |       |     1 |       ||     1
   Stab: Petrified         |       |       |     8 |       ||     8
 Armour: Robe              |       |       |     1 |     1 ||     2
  Dodge: Dodged            |     1 |       |    21 |    29 ||    51
